 Dungeon Crawl Stone Soup version 0.27.1-2-g3b301248ec (webtiles) character file.

Game seed: 1858222007525291081

89 Descartes the Covert (level 4, -1/34 HPs)
             Began as a Spriggan Delver on Sept 24, 2021.
             Slain by a goblin (2 damage)
             ... led by Robin
             ... on level 2 of the Dungeon.
             The game lasted 00:03:24 (2290 turns).

Descartes the Covert (Spriggan Delver)              Turns: 2290, Time: 00:03:25

Health: -1/34      AC: 22    Str:  7 (9)  XL:     4   Next: 31%
Magic:  5/5        EV:  4    Int:  8 (11) God:
Gold:   102        SH:  0    Dex: 13 (16) Spells: 3/3 levels left

rFire    . . .     SeeInvis +   a - +0 short sword
rCold    . . .     Faith    .   (shield restricted)
rNeg     + + +     Spirit   .   (armour currently unavailable)
rPois    +         Reflect  .   (helmet currently unavailable)
rElec    .         Harm     .   (cloak currently unavailable)
rCorr    .         Rampage  .   (gloves unavailable)
Will     .....     NoTele   +   (boots unavailable)
Stlth    ++++......             (no amulet)
HPRegen  0.11/turn              m - ring of positive energy
MPRegen  0.09/turn              (no ring)

@: tree-form, hasted, very quick
A: stationary, stasis, torment immunity, boosted hp, very small, no large
weapons, unfitting armour, see invisible, (speed 3)
a: no special abilities


You were on level 2 of the Dungeon.
You were a tree.
You visited 1 branch of the dungeon, and saw 5 of its levels.

You collected 102 gold pieces.

Inventory:

Hand Weapons
 a - a +0 short sword (weapon)
Missiles
 l - 87 stones (quivered)
Armour
 b - a +0 robe (melded)
Jewellery
 m - a ring of positive energy (left branch)
 q - a +6 ring of dexterity
Wands
 g - a wand of digging (3)
Scrolls
 c - a scroll of fog
 d - a scroll of magic mapping
 e - a scroll of fear
 h - 3 scrolls of identify {unknown}
 k - a scroll of enchant armour {unknown}
 o - 2 scrolls of immolation {unknown}
 p - 3 scrolls of noise {unknown}
 r - a scroll of teleportation {unknown}
Potions
 n - a potion of flight {unknown}


   Skills:
 - Level 2.4 Fighting
 + Level 3.4 Short Blades
 + Level 4.1 Dodging
 + Level 8.2 Stealth


You had 3 spell levels left.
You didn't know any spells.
Your spell library was empty.

Dungeon Overview and Level Annotations

Branches:
Dungeon (5/15)
 Temple: D:4-7

Altars:

Annotations:
D:2 Robin, Sigmund
D:3 3 runed translucent doors


Innate Abilities, Weirdness & Mutations

You are a tree.
Your roots penetrate the ground, keeping you stationary.
You cannot be teleported.
You are immune to unholy pain and torment.
Your maximum health is greatly increased.
Your equipment is partially melded.
You are very small and have problems with some larger weapons.
You are too small for most types of armour.
You have supernaturally acute eyesight. (SInv)
((You cover ground extremely quickly. (Speed+++)))


Message History

You hit the goblin.
The goblin is severely wounded.
The goblin completely misses you.
Robin of the Strong Arm comes into view.
They are wielding a +0 spear.
Robin shouts!
You hit Robin but do no damage.
You hear a shout!
Robin closely misses you.
You hit Robin.
Robin is lightly wounded.
Robin throws the goblin at you! The goblin hits you but does no damage.
Robin hits you with a +0 spear. Robin throws the goblin at you!
You hit the goblin.
The goblin is severely wounded.
The goblin completely misses you. The goblin hits you but does no damage.
Robin throws the goblin at you! The goblin completely misses you.
The goblin barely misses you. The goblin hits you with a +0 club.
Robin misses you. The goblin completely misses you.
Robin roars a battlecry!
The goblins go into a battle-frenzy! 2 goblins come into view.
The goblin unwields a +0 dagger.
The goblin wields a +0 hunting sling.
The goblin shoots a stone.
The stone barely misses you. Robin throws the goblin at you!
You hit the goblin but do no damage.
The goblin is severely wounded.
The goblin hits you with a +0 club. x2; Robin throws the goblin at you!
You feel yourself speed up. The goblin misses you.
The goblin completely misses you. The goblin hits you with a +0 club.
* * * LOW HITPOINT WARNING * * *
It was a potion of lignification.
You turn into a tree.
Your +0 robe melds into your body.
Your roots penetrate the ground.
The goblin hits you but does no damage. x2
It was a potion of degeneration.
There was something very wrong with that liquid.
You feel weakened.
You feel dopey.
You feel clumsy. The goblin hits you with a +0 club.
You die...

#.#########
.....ggggg#
...######♣# #
####g######.##
#...g........#
#.##g........#
#)#########..#
g..gg.gg.....#
#
?##.###.####.#
#.# #.#


You could see Robin and 7 goblins.

Vanquished Creatures
  A hound skeleton (D:4)
  2 adders
  An adder zombie (D:5)
  A worm (D:3)
  3 dart slugs (D:1)
  An orc (D:3)
  9 ball pythons
  An endoplasm (D:3)
  2 giant cockroaches
  7 hobgoblins
  2 quokkas
  2 bats (D:1)
  3 frilled lizards
  6 goblins
  3 kobolds
  2 rats
46 creatures vanquished.

Notes
Turn   | Place    | Note
-------+----------+-------------------------------------------
     0 | D:5      | Descartes the Spriggan Delver began the quest for the Orb.
     0 | D:5      | Reached XP level 1. HP: 11/11 MP: 2/2
    34 | D:5      | Noticed a black bear
    70 | D:4      | Reached XP level 2. HP: 6/16 MP: 3/3
   388 | D:4      | Reached XP level 3. HP: 19/19 MP: 4/4
   766 | D:3      | Found a runed translucent gate.
   766 | D:3      | Found a runed translucent gate.
   766 | D:3      | Found a runed translucent gate.
   883 | D:2      | Reached skill level 8 in Stealth
  1265 | D:1      | Reached XP level 4. HP: 21/23 MP: 5/5
  2203 | D:2      | Noticed Sigmund
  2271 | D:2      | Noticed Robin
  2288 | D:2      | HP: 1/23 [goblin[Robin] (6)]
  2290 | D:2      | Slain by a goblin

Illustrated notes

Levels and vault maps discovered:
D:1:      dpeg_arrival_solitude, layout_loops_corners
D:2:      minmay_angry_zag, layout_loops_ring, serial_bayou_pond_e,
          kennysheep_cross_room, kennysheep_generic_room_9, uniq_robin,
          uniq_sigmund
D:3:      layout_basic, gammafunk_ghost_icy, minivault_14
D:4:      layout_loops_ring, serial_rivers, chequers_serial_rivers_small_3,
          chequers_serial_rivers_room_a, chequers_serial_rivers_micro_e,
          chequers_serial_rivers_micro_d, chequers_serial_rivers_small_3,
          chequers_serial_rivers_small_b
D:5:      layout_loops_ring, minmay_temple_entry_ruins

Skill      XL: |  1  2  3  4 |
---------------+-------------+-----
Dodging        | 3 4 |  4.1
Short Blades   | 3 |  3.4
Stealth        | 8 |  8.2
Fighting       | |  2.4

Action                   |  1- 3 |  4- 6 || total
-------------------------+-------+-------++-------
Melee: Short sword       |    90 |    62 ||   152
  Use: Potion            |       |     3 ||     3
 Stab: Sleeping          |    13 |     2 ||    15
Armor: Robe              |     6 |    11 ||    17
       Skin              |       |     2 ||     2
Dodge: Dodged            |    61 |    49 ||   110
